AoeStats
← HoldMyB33rforme

Arena

510242290Analyzed
4v4 RM · 2d ago on Sep 30, 2026· 45m 50s· 8 players
Game mode
Random Map
Map size
Large (8 player)
Population
200
Speed
Normal
Resources
Standard
Victory
Conquest
Starting age
Dark Age
Ending age
Imperial Age
RankedLock teamsTeams togetherTeam positionsShared explorationLock speedFull tech treeHidden civsTurbo modeCheats
Victory
Defeat
🇨🇦 Slavs · Canada
920
+6
🇵🇪 Khitans · Peru
908
+7
🇨🇳 Turks · China
794
+10
🇹🇷 Italians · Türkiye
740
+12
🇨🇱 Wei · Chile
770
-12
🇨🇱 Huns · Chile
662
-8
🇨🇱 Britons · Chile
640
-8
🇨🇱 Britons · Chile
607
-7
HoldMyB33rforme
11:18 Feudal Age
12:13 Horse Collar
16:36 Castle Age
15:11 Double-Bit Axe
18:13 Bow Saw
19:08 Squires
18:30 Man-at-Arms
20:14 Scale Mail Armor
22:13 Long Swordsman
24:19 Forging
25:01 Chain Mail Armor
27:57 Pikeman
29:38 Fletching
31:43 Wheelbarrow
30:54 Loom
31:53 Iron Casting
31:14 Bodkin Arrow
32:02 Detinets
33:11 Stone Mining
33:12 Gold Mining
35:20 Hand Cart
37:09 Heavy Plow
41:10 Imperial Age
38:26 Town Watch
42:55 Blast Furnace
42:26 Plate Mail Armor
42:01 Druzhina
42:22 Conscription
42:38 Hoardings
42:13 Capped Ram
AI
11:25 Feudal Age
16:48 Castle Age
15:28 Double-Bit Axe
29:08 Imperial Age
33:06 Conscription
38:00 Elite Janissary
39:47 Padded Archer Armor
39:38 Fletching
Yggdrasil
1:07 Loom
10:11 Feudal Age
10:49 Double-Bit Axe
15:10 Wheelbarrow
18:07 Castle Age
18:50 Forging
18:37 Domestication
19:10 Bow Saw
19:39 Pastoralism
21:13 Town Watch
23:08 Gold Mining
24:11 Iron Casting
23:24 Treadmill Crane
25:17 Stone Mining
25:55 Town Patrol
26:44 Hand Cart
27:37 Stone Shaft Mining
28:02 Husbandry
29:39 Scale Barding Armor
33:52 Imperial Age
31:40 Fletching
31:58 Scale Barding Armor
31:43 Fletching
32:16 Ballistics
33:09 Lamellar Armor
34:08 Heavy Camel Rider
34:37 Elite Steppe Lancer
37:35 Ordo Cavalry
38:58 Chain Barding Armor
40:56 Conscription
41:15 Plate Barding Armor
40:36 Bodkin Arrow
40:55 Thumb Ring
41:16 Parthian Tactics
41:02 Siege Engineers
44:06 Heavy Rocket Cart
44:14 Heavy Cavalry Archer
massanka21
12:28 Feudal Age
12:42 Loom
13:43 Double-Bit Axe
15:04 Wheelbarrow
15:11 Wheelbarrow
16:44 Castle Age
14:47 Horse Collar
16:34 Wheelbarrow
17:21 Fletching
18:33 Bow Saw
27:32 Bodkin Arrow
29:18 Silk Road
29:33 Hand Cart
30:24 Padded Archer Armor
31:56 Leather Archer Armor
32:29 Caravan
33:45 Ballistics
33:09 Treadmill Crane
33:50 Ballistics
33:27 Murder Holes
35:15 Heavy Plow
35:11 Gold Mining
35:12 Stone Mining
38:55 Imperial Age
39:39 Bracer
40:09 Ring Archer Armor
39:36 Elite Genoese Crossbowman
41:16 Arson
41:31 Squires
41:33 Scale Mail Armor
41:44 Forging
42:25 Conscription
17
10:09 Feudal Age
19:15 Castle Age
17:36 Double-Bit Axe
17:34 Horse Collar
18:22 Loom
20:43 Stone Mining
20:51 Gold Mining
23:02 Wheelbarrow
25:56 Hand Cart
26:44 Stone Mining
28:27 Bow Saw
32:18 Imperial Age
30:19 Town Watch
33:55 Ming Guang Armor
32:51 Elite Tiger Cavalry
34:31 Conscription
34:14 Tuntian
35:33 Scale Barding Armor
35:39 Forging
35:19 Fletching
35:30 Scale Mail Armor
35:30 Padded Archer Armor
36:27 Parthian Tactics
37:00 Stone Shaft Mining
37:01 Gold Shaft Mining
36:46 Thumb Ring
37:21 Husbandry
37:32 Bloodlines
36:43 Heavy Hei Guang Cavalry
39:32 Chain Barding Armor
39:48 Iron Casting
39:08 Bodkin Arrow
39:29 Leather Archer Armor
39:29 Chain Mail Armor
40:36 Heavy Plow
41:03 Arson
41:19 Squires
40:39 Pikeman
42:50 Halberdier
Daton
0:50 Loom
12:56 Feudal Age
22:22 Castle Age
22:28 Castle Age
20:19 Horse Collar
20:27 Double-Bit Axe
20:36 Stone Mining
20:36 Gold Mining
41:41 Bow Saw
ISR4 ENRIQUE XXIII
4:42 Loom
15:14 Feudal Age
16:07 Double-Bit Axe
22:25 Castle Age
20:25 Horse Collar
22:54 Crossbowman
25:18 Man-at-Arms
33:45 Wheelbarrow
35:23 Hand Cart
36:52 Town Watch
44:31 Imperial Age
claudio.morales
11:30 Feudal Age
12:55 Double-Bit Axe
12:55 Horse Collar
17:59 Castle Age
19:48 Heavy Plow
20:01 Bow Saw
20:24 Forging
20:20 Scale Barding Armor
25:40 Bloodlines
25:31 Husbandry
27:17 Iron Casting
27:04 Chain Barding Armor
28:09 Stone Mining
28:13 Gold Mining
32:46 Imperial Age
31:00 Wheelbarrow
30:12 Town Watch
30:16 Loom
32:35 Hand Cart
32:21 Town Patrol
32:53 Elite Tarkan
33:54 Conscription
33:39 Marauders
43:56 Light Cavalry
Connection lost

Rejoining the realm…

Still unreachable

The connection could not be restored.

Session expired

The server has moved on; the page needs a fresh start.